 BcadrenCrawl: Boulder Brew version 0.05.31-18-ge6de3609f0 (webtiles) character file.

Game seed: 16930233555544087297, levelgen mode: deterministic

12 BR41ND34D the Unbeliever (level 2, -6/18 HPs) Oozomorph Demonspawn. Began on Sept 30, 2021. Mangled by a gnoll ... wielding a +0 halberd (15 damage) ... on level 1 of the Dungeon. The game lasted 00:01:57 (313 turns).

BR41ND34D the Unbeliever (Oozomorph Demonspawn)      Turns: 313, Time: 00:01:58

Health: -6/18      AC:  3    Str: 14    XL:     2 ^: 23
Magic:  4/4        EV: 11    Int: 12    God:
Gold:   57         SH:  0    Dex: 12    Spells: 2/3 levels left

rFire    + . .     Vision   .   a - +0 rapier
rCold    . . .     Gourm    .   c - +0 dagger
rNeg     . . .     Faith    .   b - +0 leather armour
rCorr    + + +     Spirit   .   (no armour)
rPois    .         Reflect  .   (no armour)
rElec    .         Harm     .   (no armour)
MR       .....                  (no armour)
Stlth    ++........             (no armour)
HPRegen  0.16/turn              (nothing subsumed)
MPRegen  0.14/turn              (no amulet)
                                (no ring)
                                (no ring)

@: no status effects
A: fire resistance 1, cytoplasmic subsumption, amorphous body, gelatinous body 1
a: Subsume Item


You were on level 1 of the Dungeon.
You were not hungry.

You visited 1 branch of the dungeon, and saw 1 of its levels.

You collected 57 gold pieces.

Inventory:

Weapons
 a - a +0 rapier (weapon)
 c - a +0 dagger (weapon)
Armour
 b - a +0 leather armour (worn)
Comestibles
 d - 2 rations


   Skills:
 * Level 1.4 Fighting
 + Level 2.1 Short Blades
 + Level 2.4 Dodging
 + Level 2.6 Stealth
 * Level 1.2 Spellcasting
 + Level 2.0 Fire Magic
   Level 2.6 Invocations


You had 2 spell levels left.
You knew the following spells:

 Your Spells              Type           Power        Failure   Level  Hunger
a - Flame Tongue          Fire           5 (30)       14%         1    25-45

Your spell library contained the following spells:

 Spells                   Type           Power        Failure   Level  Hunger
 Slow Hex 0 (100) 32% 1 25-45 Blink Tloc N/A 45% 2 65-105 Call Imp Summ 0 (100) 45% 2 65-105 Conjure Flame Fire 5 (100) 38% 3 105-165 Mephitic Cloud Pois/Air       0 (100)      69%         3    105-165


Dungeon Overview and Level Annotations

Branches:
Dungeon (1/8)

Altars:


Innate Abilities, Weirdness & Mutations

You are heat resistant. (rF+)
You may subsume any weapon, armour, or jewellery into your cytoplasm to benefit from its magical properties.
Your body is completely amorphous, allowing you to wear any combination of armour.
You have seven amorphous slots; replacing the normal gear slots.
Body armours and bardings take two slots, all other armours take one.
Your gelatinous form is immune to acid, constriction and sticky flames. (rCorr+, Slime)


Message History

The dart slug barely misses you (0).
You hit the dart slug (4). You hit the dart slug (2).
The dart slug is severely wounded. (3/9) HP The dart slug spits out a magical stone dart at you.
The dart hits you (2).
You hit the dart slug (2). You hit the dart slug but do no damage.
The dart slug is almost dead. (1/9) HP The dart slug bites you (1).
You hit the dart slug (3).
You kill the dart slug!
You see here a dart slug corpse.
You start waiting.
HP restored.
A gnoll comes into view.
The gnoll shouts!
The gnoll hits you from afar with a +0 halberd (9)!
Ouch! That really hurt!
The gnoll hits you with a +0 halberd (15)!
Ouch! That really hurt!
You die...

......###....###.#
#.# ...........#.#
#.# ########.#
.†##########.# #.#
#........#
).####### #.# #.#
#.########
........# #.# #.#
#.# ..#####.# #.
#.# #.# ..# #.#
#)# .## #g# #.#
.#####.# #@# #†#
.......# #.#####.#
.##..### #.......#
.# ...# #########
.......# ######..
#


You could see a gnoll.

Vanquished Creatures
  An ooze (D:1)
  A dart slug (D:1)
  2 goblins (D:1)
  2 kobolds (D:1)
6 creatures vanquished.

Notes
Turn   | Place    | Note
-------+----------+-------------------------------------------
     0 | D:1      | BR41ND34D the Oozomorph Demonspawn began the quest for the
                  | Orb.
     0 | D:1      | Reached XP level 1. HP: 13/13 MP: 2/2
   208 | D:1      | Gained mutation: You are heat resistant. (rF+) [demonic
                  | ancestry]
   208 | D:1      | Reached XP level 2. HP: 6/18 MP: 4/4
   313 | D:1      | Mangled by a gnoll

Levels and vault maps discovered:
D:1:      dpeg_arrival_connections, layout_loops_ring, first_ration

Action                   || total
-------------------------++-------
Melee: Rapier            ||    14
       Dagger            ||     9
Armor: Skin              ||     1
Dodge: Dodged            ||     4
